 Dungeon Crawl Stone Soup version 0.31.0-32-g396128a36d (webtiles) character file.

Game seed: 13611264542744237988

3653 Peloso the Carver (level 9, 0/80 HPs)
             Began as a Minotaur Fighter on Apr 5, 2024.
             Was a Follower of Okawaru.
             Slain by an orc warrior
             ... wielding a +0 glaive
              (14 damage)
             ... in a bailey.
             The game lasted 00:16:25 (6973 turns).

Peloso the Carver (Minotaur Fighter)                Turns: 6973, Time: 00:16:26

Health: 0/80       AC: 13    Str: 20    XL:     9   Next: 88%
Magic:  8/8        EV:  7    Int:  5    God:    Okawaru [*.....]
Gold:   349        SH:  6    Dex: 15    Spells: 8/8 levels left

rFire   . . .        a - +1 long sword
rCold   . . .        d - +0 buckler
rNeg    . . .        y - +0 plate armour
rPois   .            (helmet currently unavailable)
rElec   .            (cloak currently unavailable)
rCorr   .            (gloves currently unavailable)
SInv    +            (boots currently unavailable)
Will    .....        r - amulet of the acrobat Stlth
                     j - ring of see invisible
HPRegen 0.33/turn    (no ring)
MPRegen 0.11/turn

%: acrobat
@: beast-form
A: beast (slay +2), horns 2, retaliatory headbutt
a: Begin Untransformation, Renounce Religion, Heroism


You were in a bailey.
You worshipped Okawaru.
Okawaru was aware of your devotion.
You were a hulking beast.
You visited 2 branches of the dungeon, and saw 9 of its levels.
You also visited: Bailey.

You collected 454 gold pieces.
You spent 105 gold pieces at shops.

Inventory:

Hand Weapons
 a - a +1 long sword (weapon)
 b - a +0 hand axe of flaming
Armour
 c - a +0 chain mail
 d - a +0 buckler (worn)
 g - the +0 cloak of Jovym {rElec Int+3 Dex+3}
   (You found it on level 8 of the Dungeon)

   Int+3:     It affects your intelligence (+3).
   Dex+3:     It affects your dexterity (+3).
   rElec:     It insulates you from electricity.
 q - a +0 pair of boots
 s - a +0 pair of gloves
 y - a +0 plate armour (worn)
Jewellery
 j - a ring of see invisible (left hand)
 r - an amulet of the acrobat (around neck)
Talismans
 f - a beast talisman (active)
 n - a serpent talisman
 w - a blade talisman
Wands
 m - a wand of polymorph (10)
Scrolls
 e - 4 scrolls of fear
 l - 3 scrolls of identify
 o - 2 scrolls of enchant armour {unknown}
 p - 2 scrolls of teleportation
 u - a scroll of torment {unknown}
 v - a scroll of revelation
 x - a scroll of immolation
Potions
 h - 4 potions of curing
 i - 2 potions of brilliance
 k - a potion of haste
 t - a potion of heal wounds
 z - a potion of ambrosia


   Skills:
 + Level 7.7 Fighting
 + Level 10.5 Long Blades
 + Level 7.3 Armour
 + Level 4.2 Dodging
 + Level 0.7 Stealth
 + Level 7.1 Shields
 + Level 0.1 Evocations
 + Level 3.5 Shapeshifting


You had 8 spell levels left.
You didn't know any spells.
Your spell library contained the following spells:

 Spells                   Type           Power      Damage    Failure   Level
 Freeze                   Ice            0%         1d3       100%        1
 Frozen Ramparts          Ice            0%         1d1       100%        3
 Hailstorm                Conj/Ice       0%         3d5       100%        3
 Passage of Golubria      Tloc           0%         N/A       100%        4
 Silence                  Hex/Air        0%         N/A       100%        5
 Lehudib's Crystal Spear  Conj/Erth      0%         10d2      100%        8
 Summon Small Mammal      Summ           Unusable   N/A       N/A         1
 Call Canine Familiar     Summ           Unusable   N/A       N/A         3
 Summon Blazeheart Golem  Fire/Summ      Unusable   N/A       N/A         4

Dungeon Overview and Level Annotations

Branches:
Dungeon (8/15)             Temple (1/1) D:6          Bailey (1/1)
   Lair: D:8-11

Altars:
Dithmenos
Elyvilon
Gozag
Hepliaklqana
Kikubaaqudgha
Makhleb
Okawaru
Qazlal
Ru
Sif Muna
Trog
Uskayaw
Wu Jian
Xom
Yredelemnul
The Shining One

Shops:
D:7 *=?*=

Annotations:
D:1 Dig


Innate Abilities, Weirdness & Mutations

You are a hulking beast.
Your limbs bulge with bestial killing power. (Slay +2)
You have a pair of horns on your head.
You reflexively headbutt those who attack you in melee.


Message History

The orc warrior hits you but does no damage.
An orc warrior comes into view. It is wielding a +0 glaive.
You block the orc warrior's attack.
You completely miss the orc warrior.
The orc warrior shouts!
You block the orc warrior's attack.
You closely miss the orc warrior.
You hit the orc warrior but do no damage.
Your headbutt misses the orc warrior.
The orc warrior hits you with a +0 bardiche.
You hit the orc warrior.
The orc warrior is lightly wounded.
You block the orc warrior's attack.
You closely miss the orc warrior.
The orc warrior is lightly wounded.
You block the orc warrior's attack. The orc warrior closely misses you.
You slash the orc warrior! You headbutt the orc warrior!
The orc warrior is severely wounded.
The orc warrior hits you with a +0 bardiche!
The orc warrior barely misses you.
You hit the orc warrior.
The orc warrior is severely wounded.
The orc warrior hits you with a +0 bardiche!
The orc warrior hits you from afar with a +0 glaive!
You hit the orc warrior but do no damage.
You headbutt the orc warrior, but do no damage.
The orc warrior is severely wounded.
The orc warrior hits you with a +0 bardiche.
The orc warrior hits you from afar with a +0 glaive.
You hit the orc warrior but do no damage.
Your headbutt misses the orc warrior.
The orc warrior is severely wounded.
The orc warrior hits you with a +0 bardiche!!
* * * LOW HITPOINT WARNING * * *
The orc warrior closely misses you.
You hit the orc warrior but do no damage.
You headbutt the orc warrior.
The orc warrior is almost dead.
The orc warrior hits you from afar with a +0 glaive!
You die...

.≈≈.≈...≈.≈≈.≈.#..≈#
.≈.≈≈..÷≈≈.≈.≈.#..≈#
.≈.≈.⌠∩⌠.≈.≈.≈.#).≈#
.≈.≈..∩..≈.≈.≈.#..≈#
.≈.≈.⌠∩⌠.≈.≈.≈.#..≈#
.≈.≈≈...≈≈.≈.≈.#..≈#
.≈≈.≈.).≈.≈≈.≈.#..≈#
≈.≈.≈≈≈≈≈.≈.≈≈.#..≈#
≈.≈≈.....≈≈.≈)##ho≈#
≈≈)≈≈≈.≈≈≈.≈≈.#⌠..≈#
.≈≈))≈.≈..≈≈..#.o.≈#
⌠.≈≈≈.†.≈≈≈.⌠.#...≈#
....≈≈≈≈≈....##...≈#
####.....#####....≈#
.. ####### ....##
.... ....## ....


You could see 2 orc warriors.

Vanquished Creatures
  Pikel (D:6)
  Grinder (D:3)
  Sigmund (D:5)
  2 steam dragons
  Duvessa (D:6)
  A black bear (D:7)
  A swamp drake (Bailey)
  3 orc warriors (Bailey)
  3 ice beasts
  A sky beast (D:6)
  An ogre (D:7)
  4 centaurs
  2 phantoms
  Blork the orc (D:6)
  A kobold brigand (D:7)
  A bullfrog (D:7)
  A scorpion (D:4)
  Dowan (D:6)
  5 bombardier beetles
  A hound (D:6)
  A jelly (D:7)
  An orc priest (D:6)
  Jessica (D:3)
  Ijyb (D:3)
  2 sleepcaps
  2 iguanas
  2 orc wizards (D:8)
  Robin (D:2)
  7 gnolls
  12 adders
  A white imp (D:6)
  6 ufetubi (D:7)
  2 ribbon worms
  2 dart slugs
  21 orcs
  9 endoplasms
  5 giant cockroaches
  22 goblins
  7 hobgoblins
  7 quokkas
  5 ball pythons
  8 bats
  3 frilled lizards
  11 kobolds
  5 rats
177 creatures vanquished.

Vanquished Creatures (others)
  An orc wizard (D:6)
  2 orcs (Bailey)
3 creatures vanquished.

Grand Total: 180 creatures vanquished

Notes
Turn   | Place    | Note
-------+----------+-------------------------------------------
     0 | D:1      | Peloso the Minotaur Fighter began the quest for the Orb.
     0 | D:1      | Reached XP level 1. HP: 19/19 MP: 0/0
   205 | D:1      | Reached XP level 2. HP: 27/27 MP: 1/1
   749 | D:1      | Reached skill level 3 in Long Blades
   897 | D:2      | Reached XP level 3. HP: 33/33 MP: 2/2
   935 | D:2      | Found a white marble altar of Elyvilon.
  1050 | D:2      | Noticed Robin
  1083 | D:2      | Killed Robin
  1084 | D:2      | Reached XP level 4. HP: 27/41 MP: 3/3
  1730 | D:3      | Noticed Grinder
  1730 | D:3      | Paralysed by Grinder for 2 turns
  1738 | D:3      | Paralysed by Grinder for 4 turns
  1857 | D:3      | Killed Grinder
  1858 | D:3      | Reached skill level 4 in Long Blades
  1858 | D:3      | Reached skill level 1 in Dodging
  1858 | D:3      | Reached skill level 1 in Shapeshifting
  1858 | D:3      | Reached XP level 5. HP: 14/47 MP: 4/4
  1858 | D:3      | Reached XP level 6. HP: 17/55 MP: 5/5
  2005 | D:3      | Found a faded altar of an unknown god.
  2406 | D:3      | Noticed Jessica
  2408 | D:3      | Killed Jessica
  2409 | D:3      | Reached skill level 5 in Fighting
  2569 | D:4      | Reached skill level 5 in Long Blades
  2772 | D:4      | Reached skill level 5 in Armour
  2814 | D:4      | Noticed Ijyb
  2921 | D:3      | Killed Ijyb
  3004 | D:4      | Reached XP level 7. HP: 61/61 MP: 6/6
  3031 | D:4      | Found a stormy altar of Qazlal.
  3073 | D:4      | Reached skill level 6 in Long Blades
  3382 | D:5      | Entered Level 5 of the Dungeon
  3388 | D:5      | Identified the +1 scale mail of the Bouncing Servitors
                  | {rElec Will+ Dex-5}
  3933 | D:5      | Reached skill level 7 in Long Blades
  4040 | D:5      | Noticed Sigmund
  4060 | D:5      | Killed Sigmund
  4061 | D:5      | Reached XP level 8. HP: 63/70 MP: 7/7
  4582 | D:6      | Noticed Pikel
  4596 | D:6      | Killed Pikel
  4597 | D:6      | Reached skill level 8 in Long Blades
  4597 | D:6      | Reached skill level 5 in Shields
  4827 | D:6      | Reached skill level 9 in Long Blades
  4903 | D:6      | Noticed Duvessa
  4903 | D:6      | Noticed Dowan
  4912 | D:6      | Killed Duvessa
  4919 | D:6      | Killed Dowan
  4920 | D:6      | Reached XP level 9. HP: 60/78 MP: 8/8
  4982 | D:6      | Noticed Blork the orc
  4988 | D:6      | Killed Blork the orc
  5245 | D:6      | Found a staircase to the Ecumenical Temple.
  5273 | Temple   | Entered the Ecumenical Temple
  5282 | Temple   | Became a worshipper of Warmaster Okawaru
  5559 | D:7      | Reached skill level 10 in Long Blades
  5652 | D:7      | Found Guklodgh's General Store.
  5686 | D:7      | Found Jolanaas's Jewellery Emporium.
  5691 | D:7      | Found Kipous's Magic Scroll Emporium.
  5704 | D:7      | Bought a scroll of revelation for 105 gold pieces
  5826 | D:7      | Found Woje's Assorted Antiques.
  5833 | D:7      | Reached * piety under Okawaru
  5952 | D:7      | Found Ymoho's Jewellery Shoppe.
  6405 | D:8      | Identified the +0 cloak of Jovym {rElec Int+3 Dex+3}
  6436 | D:8      | Found a flagged portal.
  6530 | Bailey   | Entered a bailey
  6973 | Bailey   | Slain by an orc warrior

Illustrated notes

Levels and vault maps discovered:
D:1:      eino_arrival_cavern_d, layout_basic, due_unseen_surprise
D:2:      layout_basic, basic_altar, uniq_robin
D:3:      layout_loops_ring, shapermc_ecumenical_altar_starsandcircs,
          uniq_grinder, uniq_jessica
D:4:      layout_rooms, amcnicky_altar_gilded, nicolae_goblin_pals, uniq_ijyb
D:5:      layout_basic, kennysheep_flooded_box, kennysheep_boxes, uniq_sigmund
D:6:      layout_loops_corners, minmay_temple_entry_overgrown,
          chequers_serial_rivers_small_b, uniq_duvessa, uniq_pikel,
          uniq_blork_the_orc
D:7:      black_bear_nest_2, layout_cave_pools, serial_shops,
          kennysheep_mini_moat, nicolae_shop_tiny_glass,
          nicolae_shop_back_alley_shop, shop_fountains, shop, nrook_mini_vaults,
          minmay_misc_feat_x
D:8:      layout_loops_cross, serial_shops, nicolae_shop_pleasant_corner_grove,
          enter_bailey_5
Temple:   eino_temple_lava
Bailey:   bailey_polearm_flooded_kennysheep, bailey

Skill      XL: |  1  2  3  4  5  6  7  8  9 |
---------------+----------------------------+-----
Shields        | 4 5 7 |  7.1
Fighting       | 4 5 6 7 |  7.7
Long Blades    | 3 4 5 7 9 10 | 10.5
Armour         | 4 5 6 7 |  7.3
Dodging        | 1 2 4 |  4.2
Shapeshifting  | 1 2 3 |  3.5
Stealth        | |  0.7
Evocations     | |  0.1

Action                     |  1- 3 |  4- 6 |  7- 9 || total
---------------------------+-------+-------+-------++-------
  Melee: Long sword        |    82 |   123 |   301 ||   506
         Headbutt          |    10 |    17 |    67 ||    94
  Evoke: Wand              |       |       |     4 ||     4
    Use: Scroll            |     5 |     2 |     7 ||    14
         Potion            |       |       |     1 ||     1
 Armour: Scale mail        |    66 |    71 |    15 ||   152
         Chain mail        |       |       |   202 ||   202
         Plate armour      |       |       |    17 ||    17
  Dodge: Dodged            |    29 |    59 |   197 ||   285
  Block: Buckler           |    20 |    33 |   113 ||   166
   Form: Beast             |     1 |       |       ||     1
